 Dungeon Crawl Stone Soup version 0.30-a0-743-gbfdf073431 (webtiles) character file.

Game seed: 1176910219618614750

64799 DEFE the Brawler (level 14, -1/114 HPs)
             Began as a Demonspawn Wanderer on Feb 6, 2023.
             Was an Initiate of Gozag.
             Slain by a meliai
             ... wielding a +3 war axe
              (5 damage)
             ... while petrified by a catoblepas
             ... on level 13 of the Dungeon.
             The game lasted 00:28:18 (21672 turns).

DEFE the Brawler (Demonspawn Wanderer)             Turns: 21672, Time: 00:28:19

Health: -1/114     AC: 12    Str: 18    XL:     14   Next: 73%
Magic:  20/20      EV:  2    Int: 17    God:    Gozag
Gold:   1252       SH:  0    Dex: 21    Spells: 14/21 levels left

rFire   + . .      SeeInvis .      - Unarmed
rCold   . . .      Faith    .    (no shield)
rNeg    + + +      Spirit   .    V - +2 scale mail {rF+}
rPois   ∞          Reflect  .    t - +0 helmet
rElec   .          Harm     .    w - +0 cloak
rCorr   .          Rampage  .    (no gloves)
Will    +....                    (no boots) Stlth
                                 S - amulet of regeneration
HPRegen 1.19/turn                p - +6 ring of dexterity
MPRegen 0.17/turn                I - +6 ring of dexterity

@: petrified
A: rugged brown scales 1, demonic guardian 2, spiny 2, demonic touch 2
a: Renounce Religion, Potion Petition, Call Merchant, Bribe Branch


You were on level 13 of the Dungeon.
You worshipped Gozag.
Gozag was most pleased with you.
You visited 3 branches of the dungeon, and saw 19 of its levels.
You also visited: Sewer, Ossuary and Volcano.

You collected 2111 gold pieces.
You spent 440 gold pieces at shops.
You paid 419 gold pieces to Gozag.

Inventory:

Missiles
 b - 2 throwing nets (quivered)
 c - a curare-tipped dart
Armour
 a - a +0 ring mail
 e - a +0 robe
 f - a +1 ring mail of fire resistance
 t - a +0 helmet (worn)
 w - a +0 cloak (worn)
 P - a +2 robe of cold resistance
 U - a +3 leather armour of fire resistance
 V - a +2 scale mail of fire resistance (worn)
Jewellery
 p - a +6 ring of dexterity (left hand)
 I - a +6 ring of dexterity (right hand)
 L - a ring of protection from cold
 S - an amulet of regeneration (around neck)
Wands
 d - a wand of digging (19)
 v - a wand of flame (52)
 W - a wand of charming (5)
Scrolls
 h - 5 scrolls of teleportation
 j - 6 scrolls of magic mapping
 q - 6 scrolls of enchant weapon
 y - 5 scrolls of fog
 z - 5 scrolls of fear
 F - 6 scrolls of immolation
 H - a scroll of noise
 J - 2 scrolls of blinking
 K - 2 scrolls of vulnerability
 M - a scroll of torment {unknown}
 N - a scroll of acquirement {unknown}
 O - 5 scrolls of enchant armour
 Q - 2 scrolls of poison
 R - a scroll of summoning
 X - 2 scrolls of amnesia {unknown}
 Y - 3 scrolls of identify
 Z - a scroll of brand weapon {unknown}
Potions
 g - 3 potions of degeneration
 i - 2 potions of haste
 k - 5 potions of mutation
 l - 2 potions of berserk rage
 m - 4 potions of lignification
 n - 2 potions of magic
 o - 10 potions of curing
 r - 4 potions of might
 s - 2 potions of cancellation
 u - 2 potions of ambrosia {unknown}
 x - 5 potions of flight
 A - 2 potions of resistance {unknown}
 B - 3 potions of invisibility
 C - 3 potions of brilliance
 D - 4 potions of attraction {unknown}
Miscellaneous
 E - a box of beasts (inert)
 T - a phantom mirror


   Skills:
 - Level 10.9 Fighting
 - Level 1.0 Ranged Weapons
 - Level 1.0 Throwing
 - Level 5.3 Armour
 - Level 10.0 Dodging
 - Level 15.0 Unarmed Combat
 + Level 4.4 Spellcasting
 + Level 4.1 Transmutations
 + Level 5.2 Earth Magic
 - Level 2.4 Invocations
 - Level 10.5 Evocations


You had 14 spell levels left.
You knew the following spells:

 Your Spells              Type           Power      Damage    Failure   Level
a - Sandblast             Erth           42%        2d11      5%          1
b - Statue Form           Tmut/Erth      12%        N/A       100%        6

Your spell library contained the following spells:

 Spells                   Type           Power      Damage    Failure   Level
 Passwall                 Tmut/Erth      15%        N/A       10%         2
 Sting                    Tmut/Pois      40%        1d5       19%         1
 Stone Arrow              Conj/Erth      24%        3d8       41%         3
 Poisonous Vapours        Pois/Air       6%         N/A       54%         2
 Petrify                  Tmut/Erth      19%        N/A       54%         4
 Ignite Poison            Fire/Tmut/Pois 8%         N/A       58%         3
 Leda's Liquefaction      Hex/Erth       6%         N/A       83%         4
 Olgreb's Toxic Radiance  Pois           3%         N/A       99%         4
 Sticky Flame             Conj/Fire      3%         2d3       99%         4
 Ignition                 Fire           1%         3d3       100%        8
 Necromutation            Tmut/Necr      5%         N/A       100%        8


Dungeon Overview and Level Annotations

Branches:
Dungeon (13/15)            Temple (1/1) D:7            Lair (5/5) D:11
  Swamp (0/4) Lair:3       Spider (0/4) Lair:3        Slime (0/5) Lair:4
    Orc (0/2) D:11          Sewer (visited)         Ossuary (visited)
Volcano (visited)
 Vaults: D:13-14

Altars:
Ashenzari
Cheibriados
Dithmenos
Fedhas
Gozag
Hepliaklqana
Kikubaaqudgha
Makhleb
Nemelex Xobeh
Okawaru
Qazlal
Ru
Sif Muna
Trog
Uskayaw
Vehumet
Wu Jian
Xom
Yredelemnul

Shops:
D:5 :   D:8 :   D:10 [

Annotations:
D:3 1 runed translucent door, Crazy Yiuf
D:7 3 runed translucent doors, Syrassil's ghost, novice HuWn; TimeIsEndless's ghost, novice FoFi; bezhaha's ghost, novice OgWr
D:11 3 runed translucent doors


Innate Abilities, Weirdness & Mutations

You are partially covered in rugged brown scales. (AC +1, +3% HP)
A demonic guardian rushes to your aid.
You are mostly covered in sharp spines.
Your touch may inflict irresistible damage on your foes.


Message History

The meliai stings you but does no damage.
The centaur hits you but does no damage.
The centaur kicks you but does no damage.
The centaur hits you.
* * * LOW HITPOINT WARNING * * *
The centaur kicks you but does no damage.
The centaur is struck by your spines.
The centaur hits you but does no damage.
The centaur kicks you but does no damage.
The centaur hits you.
The centaur kicks you but does no damage.
The meliai hits you with a +3 war axe!
* * * LOW HITPOINT WARNING * * *
The meliai stings you.
* * * LOW HITPOINT WARNING * * *
The meliai hits you with a +0 war axe.
* * * LOW HITPOINT WARNING * * *
The meliai stings you but does no damage.
The meliai hits you with a +0 war axe!
* * * LOW HITPOINT WARNING * * *
A demonic guardian appears!
The meliai stings you but does no damage.
The deep elf pyromancer is struck by your spines.
The deep elf pyromancer hits you with a +0 long sword.
A death knight comes into view. It is wielding a +0 great mace.
The phantasmal warrior is struck by your spines.
The phantasmal warrior completely misses you.
The centaur hits you.
* * * LOW HITPOINT WARNING * * *
The centaur kicks you but does no damage.
The meliai hits you with a +0 war axe!
* * * LOW HITPOINT WARNING * * *
The meliai stings you.
* * * LOW HITPOINT WARNING * * *
The meliai mumbles some strange prayers to its god against you.
Something smites you!
* * * LOW HITPOINT WARNING * * *
The meliai hits you with a +3 war axe!
You die...
Your body crumbles into a pile of gold.

##...##
##.....##
##.......##
#.........##
...........#
.......WWc.##p.
......cycc.....
......y@cW...#
......eyW.....#
.........4....#
...............
...............
...............
..............#
.............##


You could see a death knight (distracted), a centaur warrior, a phantasmal
warrior (ally target), a deep elf pyromancer, 3 wraiths, 3 meliai, 4 centaurs
and a friendly ice devil (summoned).

Vanquished Creatures
  Kirke (D:12)
  Azrael (D:12)
  Harold (Lair:2)
  2 vault guards (D:13)
  3 hydras
  2 two-headed ogres
  2 boulder beetles
  A tengu warrior (D:13)
  Amaemon (D:8)
  A skeletal warrior (D:13)
  A goliath frog (Lair:5)
  A deep elf archer (Volcano)
  A lindwurm (Lair:2)
  7 deep elf pyromancers (Volcano)
  3 ugly things
  13 elephants
  2 black mambas
  A gargoyle (D:13)
  An orange demon (D:9)
  24 cane toads
  A cane toad (shapeshifter) (D:13)
  Maggie (D:8)
  3 rime drakes
  An efreet (D:13)
  5 komodo dragons
  An unseen horror (D:12)
  2 unseen horror zombies (D:9)
  An unseen horror skeleton (D:9)
  4 tyrant leeches (Lair:5)
  4 trolls
  6 polar bears
  A tarantella (D:11)
  A hornet (D:8)
  25 blink frogs
  5 dream sheep (Lair:3)
  14 slime creatures
  A centaur simulacrum (D:12)
  A water elemental (D:12)
  A wraith (D:11)
  5 wyverns
  2 hogs (D:12)
  4 basilisks
  32 yaks
  6 fire elementals
  3 redbacks (D:11)
  6 vampire mosquitoes
  2 steam dragons
  Menkaure (D:5)
  3 acid dragons
  3 wargs (D:11)
  10 hell hounds
  6 water moccasins
  2 orc warriors
  3 sky beasts
  6 wolves
  3 ice beasts
  An ogre (D:4)
  A black bear (Lair:3)
  5 centaurs
  A phantom (D:4)
  2 kobold brigands
  20 bullfrogs
  A gnoll sergeant (D:11)
  3 scorpions
  4 wights (D:9)
  3 killer bees (D:9)
  5 howler monkeys
  3 electric eels
  A lava snake (Lair:1)
  2 hounds
  A jelly (D:4)
  3 human zombies (Ossuary)
  10 orc priests
  4 gnoll boudas
  Ijyb (D:3)
  3 iguanas
  Natasha (thrice) (D:2)
  10 orc wizards
  2 mummies (Ossuary)
  Robin (D:3)
  A howler monkey zombie (D:9)
  20 gnolls
  A river rat (Sewer)
  12 adders
  A shadow imp (D:8)
  A howler monkey simulacrum (D:9)
  4 white imps
  2 ufetubi
  An adder skeleton (D:2)
  2 adder zombies (Ossuary)
  2 worms
  4 dart slugs
  30 orcs
  A bat skeleton (D:2)
  8 endoplasms
  3 giant cockroaches
  20 goblins
  9 hobgoblins
  4 jackals (Sewer)
  11 kobolds
  3 quokkas
  3 ball pythons
  6 bats
  2 frilled lizards
  A giant cockroach zombie (D:2)
  13 hobgoblin zombies (Ossuary)
  A jackal skeleton (D:2)
  10 kobold zombies (Ossuary)
  7 orc zombies (Ossuary)
  9 rats
  A rat zombie (Ossuary)
527 creatures vanquished.

Vanquished Creatures (collateral kills)
  Snorg (D:12)
  Fannar (D:12)
  A two-headed ogre (D:13)
  Urug (Lair:2)
  Sonja (Lair:3)
  A skeletal warrior (D:13)
  2 cyclopes
  2 cane toads (Lair:5)
  A komodo dragon (Lair:5)
  2 blink frogs (Lair:5)
  A dream sheep (Lair:3)
  A basilisk (D:12)
  A white imp (D:12)
  An ufetubus (D:12)
  An orc (D:8)
  A frilled lizard (D:7)
19 creatures vanquished.

Vanquished Creatures (others)
  A skeletal warrior (D:13)
  A human (D:12)
  A water moccasin (Lair:2)
  A kobold (D:2)
  31 fungi
  103 plants
  20 withered plants
158 creatures vanquished.

Grand Total: 704 creatures vanquished

Notes
Turn   | Place    | Note
-------+----------+-------------------------------------------
     0 | D:1      | DEFE the Demonspawn Wanderer began the quest for the Orb.
     0 | D:1      | DEFE set off with the following items: a +0 sling, 8
                  | boomerangs, a +0 dagger, a scroll of summoning, a +0 robe;
                  | and the following spell memorised: Sandblast; and the
                  | following spells available to memorise: Leda's
                  | Liquefaction, Petrify.
     0 | D:1      | Reached XP level 1. HP: 13/13 MP: 2/2
   125 | D:1      | Reached skill level 1 in Fighting
   212 | D:1      | Gained mutation: Your touch may inflict minor irresistible
                  | damage on your foes. [demonic ancestry]
   212 | D:1      | Reached XP level 2. HP: 18/22 MP: 3/3
   988 | D:1      | Found a faded altar of an unknown god.
  1097 | D:2      | Reached skill level 1 in Unarmed Combat
  1102 | D:2      | Reached XP level 3. HP: 12/28 MP: 4/4
  1526 | D:2      | Reached skill level 2 in Unarmed Combat
  1526 | D:2      | Gained mutation: You are partially covered in sharp spines.
                  | [demonic ancestry]
  1526 | D:2      | Reached XP level 4. HP: 32/34 MP: 5/5
  1965 | D:2      | Noticed Natasha
  1968 | D:2      | Killed Natasha
  1969 | D:2      | Reached skill level 3 in Unarmed Combat
  2035 | D:3      | Reached XP level 5. HP: 39/39 MP: 6/6
  2048 | D:3      | Noticed Robin
  2065 | D:3      | Killed Robin
  2150 | D:3      | Noticed Ijyb
  2198 | D:2      | Noticed Natasha
  2207 | D:2      | Killed Natasha
  2208 | D:2      | Reached skill level 4 in Unarmed Combat
  2336 | D:2      | Noticed Natasha
  2347 | D:2      | Killed Natasha
  2600 | D:3      | Killed Ijyb
  2601 | D:3      | Gained mutation: A weak demonic guardian rushes to your
                  | aid. [demonic ancestry]
  2601 | D:3      | Reached XP level 6. HP: 30/46 MP: 7/7
  2891 | D:3      | Found a runed translucent door.
  2892 | D:3      | Noticed Crazy Yiuf
  3050 | D:4      | Noticed a water moccasin
  3057 | D:4      | Killed a water moccasin
  3058 | D:4      | Reached skill level 5 in Unarmed Combat
  3161 | D:4      | Reached skill level 6 in Unarmed Combat
  3208 | D:4      | Reached XP level 7. HP: 47/51 MP: 8/8
  3305 | D:4      | Reached skill level 7 in Unarmed Combat
  3780 | D:5      | Entered Level 5 of the Dungeon
  3780 | D:5      | Found an opulent altar of Gozag.
  3832 | D:5      | DEFE: !rng jiyva gozag
  3832 | D:5      | beem: The RNG chooses: jiyva.
  3854 | D:5      | Found Ybberpho's Book Emporium.
  3886 | D:5      | Noticed Menkaure
  3895 | D:5      | Killed Menkaure
  3943 | D:5      | Found a glowing drain.
  3947 | Sewer    | Entered a sewer
  3997 | Sewer    | Reached skill level 8 in Unarmed Combat
  3997 | Sewer    | Gained mutation: You are partially covered in rugged brown
                  | scales. (AC +1, +3% HP) [demonic ancestry]
  3997 | Sewer    | Reached XP level 8. HP: 33/58 MP: 9/9
  4253 | D:5      | Found a shimmering altar of Xom.
  4925 | D:6      | Reached skill level 9 in Unarmed Combat
  4987 | D:6      | Found a sand-covered staircase.
  5002 | Ossuary  | Entered an ossuary
  5610 | D:6      | Reached skill level 10 in Unarmed Combat
  6113 | D:7      | Reached XP level 9. HP: 20/63 MP: 10/10
  6426 | D:7      | Found a runed translucent gate.
  6426 | D:7      | Found a runed translucent gate.
  6426 | D:7      | Found a runed translucent gate.
  6428 | D:7      | Noticed bezhaha's ghost (novice OgWr)
  6428 | D:7      | Noticed Syrassil's ghost (novice HuWn)
  6428 | D:7      | Noticed TimeIsEndless's ghost (novice FoFi)
  6711 | D:7      | Reached skill level 11 in Unarmed Combat
  6834 | D:7      | Found a staircase to the Ecumenical Temple.
  6849 | Temple   | Entered the Ecumenical Temple
  6940 | D:7      | Noticed a boulder beetle
  7544 | D:8      | Noticed Maggie
  7547 | D:8      | Reached skill level 1 in Dodging
  7558 | D:8      | Killed Maggie
  7924 | D:8      | Found Wuabin's Book Shoppe.
  8118 | D:9      | Noticed Amaemon
  8118 | D:9      | Noticed an orange demon
  8135 | D:8      | Killed Amaemon
  8136 | D:8      | Gained mutation: A demonic guardian rushes to your aid.
                  | [demonic ancestry]
  8136 | D:8      | Reached XP level 10. HP: 21/70 MP: 11/11
  8383 | D:9      | Killed an orange demon
  8569 | D:9      | Reached skill level 12 in Unarmed Combat
  8572 | D:9      | Reached skill level 5 in Armour
  8659 | D:9      | Noticed a brown ugly thing
  8963 | D:9      | Reached skill level 5 in Dodging
  9505 | D:9      | Killed a brown ugly thing
 10156 | D:10     | Entered Level 10 of the Dungeon
 10246 | D:10     | Found Sintoed's Armour Shoppe.
 10289 | D:10     | Noticed a two-headed ogre
 10304 | D:10     | Killed a two-headed ogre
 10305 | D:10     | Reached skill level 1 in Evocations
 10305 | D:10     | Gained mutation: You are mostly covered in sharp spines.
                  | [demonic ancestry]
 10305 | D:10     | Reached XP level 11. HP: 42/77 MP: 12/12
 10583 | D:10     | Identified the +7 hand axe of Ywnoajit {venom, rC+ rN++}
 11060 | D:11     | You fall into a shaft and drop 1 floor!
 11109 | D:12     | Noticed a boulder beetle
 11119 | D:12     | Killed a boulder beetle
 11125 | D:11     | Found a staircase to the Orcish Mines.
 11440 | D:11     | Reached skill level 13 in Unarmed Combat
 11550 | D:11     | Found a runed translucent gate.
 11551 | D:11     | Found a runed translucent gate.
 11551 | D:11     | Found a runed translucent gate.
 11552 | D:11     | Noticed an anaconda
 11552 | D:11     | Noticed a glowing orange brain
 11552 | D:11     | an anaconda changed into an ice dragon
 11552 | D:11     | Noticed an ice dragon (glowing shapeshifter)
 11553 | D:11     | Noticed a green ugly thing
 11553 | D:11     | Noticed a brown ugly thing
 11554 | D:11     | an ice dragon changed into a radroach
 11554 | D:11     | Noticed a radroach (glowing shapeshifter)
 11555 | D:11     | a radroach changed into a bunyip
 11555 | D:11     | Noticed a bunyip (glowing shapeshifter)
 11556 | D:11     | a bunyip changed into an anaconda
 11556 | D:11     | Noticed an anaconda (glowing shapeshifter)
 11557 | D:11     | Noticed a red ugly thing
 11560 | D:11     | Noticed a white ugly thing
 11708 | D:11     | Found a staircase to the Lair.
 11748 | D:11     | Noticed a red ugly thing
 11758 | D:11     | Killed a red ugly thing
 12327 | D:12     | Noticed Fannar
 12471 | D:12     | Killed Fannar
 12472 | D:12     | Reached skill level 5 in Fighting
 12672 | Lair:1   | Entered Level 1 of the Lair of Beasts
 12797 | Lair:1   | Found a dark tunnel.
 12807 | Volcano  | Entered a volcano
 12931 | Volcano  | Noticed a deep elf pyromancer
 12932 | Volcano  | Noticed a deep elf pyromancer
 12939 | Volcano  | Noticed a deep elf pyromancer
 12951 | Volcano  | Killed a deep elf pyromancer
 12981 | Volcano  | Noticed a deep elf pyromancer
 12991 | Volcano  | Noticed a deep elf pyromancer
 12996 | Volcano  | Killed a deep elf pyromancer
 13010 | Volcano  | Noticed a deep elf pyromancer
 13012 | Volcano  | Killed a deep elf pyromancer
 13025 | Volcano  | Killed a deep elf pyromancer
 13026 | Volcano  | Reached XP level 12. HP: 48/89 MP: 13/13
 13032 | Volcano  | Reached skill level 5 in Evocations
 13806 | Lair:1   | Noticed a boulder beetle
 13819 | Lair:1   | Killed a boulder beetle
 13864 | Lair:1   | Reached skill level 14 in Unarmed Combat
 14002 | Lair:1   | Noticed a seven-headed hydra
 14013 | Lair:1   | Killed a seven-headed hydra
 14820 | Lair:2   | Reached XP level 13. HP: 86/100 MP: 14/14
 15049 | Lair:2   | Noticed Harold
 15061 | Lair:2   | Noticed Urug
 15072 | Lair:2   | Your ally Harold died
 15072 | Lair:2   | Killed Urug
 15947 | Lair:3   | Noticed Sonja
 15952 | Lair:3   | Killed Sonja
 16310 | Lair:3   | Found a staircase to the Swamp.
 16559 | Lair:3   | Reached skill level 10 in Dodging
 16651 | Lair:3   | Found a hole to the Spider Nest.
 16725 | Lair:4   | Found a staircase to the Slime Pits.
 17686 | Lair:5   | Entered Level 5 of the Lair of Beasts
 18016 | D:5      | Became a worshipper of Gozag Ym Sagoz the Greedy
 18470 | Lair:5   | Reached skill level 15 in Unarmed Combat
 18714 | Lair:5   | Reached skill level 10 in Fighting
 18908 | Lair:5   | Gained mutation: Your touch may inflict irresistible damage
                  | on your foes. [demonic ancestry]
 18908 | Lair:5   | Reached XP level 14. HP: 113/113 MP: 15/15
 18940 | Lair:5   | Reached skill level 10 in Evocations
 19178 | Lair:5   | Found a blossoming altar of Fedhas.
 19863 | D:8      | Bought the Commentary on Transmigration for 440 gold pieces
 19871 | D:8      | Learned a level 6 spell: Statue Form
 20224 | D:12     | Reached skill level 1 in Transmutations
 20246 | D:12     | Noticed Kirke
 20258 | D:12     | Killed Kirke
 20342 | D:12     | Noticed Snorg
 20353 | D:12     | Killed Snorg
 20367 | D:12     | Noticed Azrael
 20403 | D:12     | Killed Azrael
 21577 | D:13     | Reached skill level 5 in Earth Magic
 21672 | D:13     | HP: 4/114 [meliai/divine providence (7)]
 21672 | D:13     | Slain by a meliai

Illustrated notes

Levels and vault maps discovered:
D:1:      dpeg_arrival_three_bigger_balls, layout_basic, basic_ecumenical_altar
D:2:      layout_rooms, serial_undead, serial_undead_c, serial_undead_a,
          serial_undead_c, serial_undead_d, minmay_randomly_rotated_circles,
          uniq_natasha
D:3:      layout_basic, uniq_crazy_yiuf_cottage, uniq_robin, uniq_ijyb
D:4:      layout_cave_pools
D:5:      layout_basic, overflow_temple_1_default,
          gammafunk_temple_overflow_wave, portal_sewer_entry_e, serial_shops,
          nicolae_stop_n_shop_2, uniq_menkaure
D:6:      layout_loops_ring, lightli_ossuary_entry_decrepit_ruins,
          kennysheep_generic_room_9
D:7:      layout_loops_ring, minmay_temple_entry_waves,
          gammafunk_ghost_cemetery, uniq_prince_ribbit1
D:8:      layout_rooms, serial_shops, shop, nicolae_elevator_lobby_plus,
          uniq_maggie
D:9:      layout_loops_ring, hangedman_weighted_door,
          chequers_serial_rivers_room_a, serial_bayou_pond_a, uniq_amaemon
D:10:     layout_gridville, serial_shops, nicolae_square_shop,
          hangedman_decor_growths
D:11:     layout_basic, erik_lair_orcish_takeover, orc_0_dummy,
          ploomutoo_gammafunk_ghost_potion_laboratory
D:12:     layout_loops_ring, serial_ice, serial_ice_m, serial_ice_h,
          serial_ice_f, serial_ice_i, serial_ice_n, serial_ice_c, uniq_fannar,
          uniq_snorg, uniq_kirke, uniq_azrael
D:13:     layout_cave_pods, lightli_vaults_fourway_checkpoint, uniq_lodul
Temple:   hellmonk_temple_of_storms
Lair:1:   cheibrodos_lair_river_kwai, layout_chaotic_city, enter_volcano_2
Lair:2:   layout_cave_pods, grunt_megastairs_2, uniq_urug, uniq_harold
Lair:3:   layout_regular_city, swamp_mist_pool, dummy_spider_entry,
          lemuel_fruit_tree, uniq_sonja
Lair:4:   layout_regular_city, slime_entry_1, minivault_26, grunt_megastairs_1
Lair:5:   minmay_lair_end_frog_pond, layout_regular_city, basic_altar,
          chequers_serial_rivers_small_a, pdpol_lair_neglected_garden

Skill      XL: |  1  2  3  4  5  6  7  8  9 10 11 12 13 14 |
---------------+-------------------------------------------+-----
Fighting       | 1 2 3 5 8 10 | 10.9
Unarmed Combat | 1 2 3 4 6 8 10 11 12 13 14 15 | 15.0
Armour         | 4 5 |  5.3
Dodging        | 3 6 7 9 10 | 10.0
Evocations     | 1 4 7 9 10 | 10.5
Earth Magic    | 5 |  5.2
Transmutations | 4 |  4.1
Spellcasting   | 4 |  4.4
Ranged Weapons | |  1.0
Throwing       | |  1.0
Invocations    | |  2.4

Action                     |  1- 3 |  4- 6 |  7- 9 | 10-12 | 13-15 || total
---------------------------+-------+-------+-------+-------+-------++-------
  Melee: Unarmed           |    81 |    99 |   327 |   452 |   560 ||  1519
         Touch             |    15 |    16 |    80 |    84 |   141 ||   336
         Punch             |       |     1 |    15 |    44 |    74 ||   134
   Fire: Sling             |    97 |       |       |       |       ||    97
  Throw: Throwing net      |       |       |       |     1 |       ||     1
         Dart              |       |       |       |       |     1 ||     1
  Evoke: Wand              |       |     5 |    10 |     8 |    18 ||    41
         Box of beasts     |       |       |       |     2 |     4 ||     6
         Phantom mirror    |       |       |       |       |     2 ||     2
    Use: Scroll            |       |     2 |    19 |     7 |     4 ||    32
         Potion            |       |       |       |     5 |     1 ||     6
   Stab: Distracted        |       |       |     1 |       |     3 ||     4
         Sleeping          |       |       |       |     1 |       ||     1
 Armour: Robe              |    38 |     1 |       |       |       ||    39
         Ring mail         |       |    28 |   119 |    96 |       ||   243
         Skin              |       |       |       |     2 |       ||     2
         Scale mail        |       |       |       |    41 |   156 ||   197
  Dodge: Dodged            |    99 |    48 |   140 |   309 |   320 ||   916

Table legend: (Time is in decaauts)
 A = Elapsed time spent in this place.
 B = Non-inter-level travel time spent in this place.
 C = Inter-level travel time spent in this place.
 D = Time resting spent in this place.
 E = Time spent auto-exploring this place.
 F = Levels seen in this place.
 G = Mean time per level.
                   A        B        C        D        E       F      G
               +--------+--------+--------+--------+--------+-----+--------+
         Total |  21498 |  20230 |   1268 |   5688 |  10575 |  22 |  977.2 |
       Dungeon |  14066 |  13231 |    835 |   3986 |   6828 |  13 | 1082.0 |
        Temple |     39 |     26 |     13 |      0 |     11 |   1 |   39.0 |
          Lair |   6258 |   5838 |    420 |   1260 |   3469 |   5 | 1251.6 |
         Sewer |    284 |    284 |      0 |     96 |    138 |   1 |  284.0 |
       Ossuary |    333 |    333 |      0 |     99 |    113 |   1 |  333.0 |
       Volcano |    516 |    516 |      0 |    246 |     16 |   1 |  516.0 |
               +--------+--------+--------+--------+--------+-----+--------+

Top non-repeatable levels by time:
    D:11: 1582 daAuts
     D:8: 1452 daAuts
    D:12: 1424 daAuts
  Lair:2: 1353 daAuts
  Lair:4: 1351 daAuts
     D:7: 1351 daAuts
     D:9: 1328 daAuts
  Lair:1: 1284 daAuts
  Lair:5: 1243 daAuts
     D:2: 1145 daAuts
     D:1: 1087 daAuts
  Lair:3: 1024 daAuts
    D:10: 998 daAuts
     D:6: 896 daAuts
     D:5: 857 daAuts
